 Dungeon Crawl Stone Soup version 0.21.1-1-g345015f (webtiles) character file.

3779 Spoonicorn the Basher (level 10, -1/104 HPs)
             Began as an Ogre Berserker on Mar 9, 2018.
             Was a High Priest of Trog.
             Slain by an unseen horror (8 damage)
             ... on level 8 of the Dungeon.
             The game lasted 00:29:05 (7808 turns).

Spoonicorn the Basher (Ogre Berserker)              Turns: 7808, Time: 00:29:06

Health: -1/104     AC:  4    Str: 26    XL:     10   Next: 16%
Magic:  10/10      EV: 11    Int: 10    God:    Trog [*****.]
Gold:   215        SH:  0    Dex:  8    Spells: 9/9 levels left

rFire    . . .     SeeInvis .   F - +0 giant spiked club
rCold    . . .     Gourm    .   (shield currently unavailable)
rNeg     . . .     Faith    .   b - +0 animal skin
rPois    .         Spirit   .   (helmet restricted)
rElec    .         Reflect  .   C - +0 cloak
rCorr    .         Harm     .   (gloves unavailable)
MR       +....                  (boots unavailable)
Stlth    ++........             (no amulet)
HPRegen  0.27/turn              w - +2 ring of intelligence
MPRegen  0.12/turn              (no ring)

@: no status effects
A: large, unfitting armour, tough skin 1
a: Berserk, Trog's Hand, Brothers in Arms, Burn Spellbooks, Renounce Religion


You were on level 8 of the Dungeon.
You worshipped Trog.
Trog was extremely pleased with you.
You were not hungry.

You visited 1 branch of the dungeon, and saw 8 of its levels.
You also visited: Sewer.

You collected 299 gold pieces.
You spent 84 gold pieces at shops.

Inventory:

Hand Weapons
 a - a +0 mace
 d - a +0 flail
 n - a +2 flail of protection
 F - a +0 giant spiked club (weapon)
Missiles
 H - a throwing net (quivered)
Armour
 b - a +0 animal skin (worn)
 C - a +0 cloak (worn)
Jewellery
 w - a +2 ring of intelligence (left hand)
Wands
 k - a wand of iceblast (6)
 m - a wand of clouds (3)
Scrolls
 h - 4 scrolls of amnesia {unknown}
 o - 2 scrolls of remove curse
 q - a scroll of fog
 r - a scroll of immolation {unknown}
 u - 2 scrolls of enchant weapon
 v - a scroll of random uselessness
 x - 4 scrolls of identify
 y - a scroll of fear {unknown}
 A - 2 scrolls of magic mapping
 B - 3 scrolls of teleportation
 G - a scroll of torment {unknown}
Potions
 e - 3 potions of heal wounds
 g - a potion of haste {unknown}
 i - 4 potions of might
 j - a potion of ambrosia {unknown}
 l - 2 potions of flight {unknown}
 p - 4 potions of curing
 s - 2 potions of agility {unknown}
 t - 2 potions of brilliance {unknown}
 z - 2 potions of magic {unknown}
Books
 f - a book of Spatial Translocations

   Spells                             Type                      Level
   a - Blink                          Translocation                2
   b - Shroud of Golubria             Charms/Translocation         2
   c - Lesser Beckoning               Translocation                3
   d - Gell's Gravitas                Translocation                3
   e - Teleport Other                 Translocation                3
   f - Passage of Golubria            Translocation                4
   Trog disapproves of the use of such an item.
 D - a book of Changes

   Spells                             Type                      Level
   a - Beastly Appendage              Transmutation                1
   b - Sticks to Snakes               Transmutation                2
   c - Spider Form                    Transmutation/Poison         3
   d - Ice Form                       Ice/Transmutation            4
   e - Blade Hands                    Transmutation                5
   Trog disapproves of the use of such an item.
Comestibles
 c - 19 rations
 E - 3 chunks of flesh


   Skills:
 + Level 8.1 Fighting
 * Level 11.2 Maces & Flails
 + Level 5.2 Dodging
 - Level 2.0 Stealth
 + Level 0.2 Evocations


You had 9 spell levels left.
You didn't know any spells.

Dungeon Overview and Level Annotations

Branches:
Dungeon (8/15)             Temple (0/1) D:7
   Lair: D:8-11

Altars:
Dithmenos
Fedhas
Gozag
Makhleb
Nemelex Xobeh
Okawaru
Ru
Trog
Uskayaw
Xom
Zin
The Shining One

Shops:
D:7 *?


Innate Abilities, Weirdness & Mutations

You are too large for most types of armour.
You have tough skin. (AC +1)


Message History

* * * LOW HITPOINT WARNING * * *
Something hits you!
* * * LOW HITPOINT WARNING * * *
You feel much better. Something hits you. Something hits you!
* * * LOW HITPOINT WARNING * * *
You sock something! Something hits you.
* * * LOW HITPOINT WARNING * * *
Something hits you.
* * * LOW HITPOINT WARNING * * *
Something hits you.
* * * LOW HITPOINT WARNING * * *
Something hits you but does no damage.
There is an open door here.
Something hits you.
* * * LOW HITPOINT WARNING * * *
Something hits you.
* * * LOW HITPOINT WARNING * * *
You see here a robe.
Something is blocking the doorway!
Something hits you!
You die...

#.#.####.##.# #.
#.#(..(|)...# #.
#######.######)####.#
......#.............#
#....######.######
#....# #... #....#
#..(..
#....#####..#####
#.@###...#.#.
##'##...##. #
#.#...## #....##
#...## #..## #.## #.#
#.#


There were no monsters in sight!

Vanquished Creatures
  The ghost of Spoonicorn the Basher, a novice OgBe of Trog (D:6)
  Prince Ribbit (D:7)
  A hippogriff (D:7)
  Eustachio (D:4)
  The ghost of Baghtru the Covered, an amateur GrFi (D:3)
  2 phantoms (D:5)
  2 sky beasts
  2 ice beasts
  An orc warrior (D:6)
  2 black bears (D:7)
  The ghost of Baghtru the Firebug, an amateur DrFE (D:4)
  4 ogres
  2 big kobolds (D:8)
  A bullfrog (D:6)
  A scorpion (D:4)
  A crimson imp (D:6)
  2 centaur zombies
  2 hounds
  2 jellies
  4 orc wizards
  Crazy Yiuf (D:5)
  5 orc priests
  Ijyb (D:3)
  A bullfrog skeleton (D:6)
  An iguana (D:7)
  Jessica (D:3)
  2 worker ants (D:6)
  2 worker ant zombies
  5 gnolls
  10 adders
  A river rat (D:5)
  3 shadow imps
  2 oozes
  An adder zombie (D:7)
  5 worms
  3 dart slugs
  10 leopard geckos
  26 orcs
  7 giant cockroaches
  11 goblins
  13 hobgoblins
  7 jackals
  6 quokkas
  7 ball pythons
  7 bats
  4 frilled lizards (Sewer)
  18 kobolds
  A quokka skeleton (D:7)
  21 rats
216 creatures vanquished.

Notes
Turn   | Place    | Note
-------+----------+-------------------------------------------
     0 | D:1      | Spoonicorn the Ogre Berserker began the quest for the Orb.
     0 | D:1      | Reached XP level 1. HP: 24/24 MP: 1/1
    31 | D:1      | Reached skill level 3 in Maces & Flails
    31 | D:1      | Reached XP level 2. HP: 18/32 MP: 2/2
   115 | D:1      | Reached XP level 3. HP: 16/40 MP: 3/3
   220 | D:1      | Reached ** piety under Trog
   746 | D:1      | Reached XP level 4. HP: 49/49 MP: 4/4
  1028 | D:2      | Found an iron altar of Okawaru.
  1117 | D:2      | Found a bloodstained altar of Trog.
  1543 | D:2      | Reached skill level 4 in Maces & Flails
  1959 | D:3      | Noticed Ijyb
  1969 | D:3      | Killed Ijyb
  1969 | D:3      | Reached XP level 5. HP: 55/55 MP: 5/5
  2059 | D:3      | Noticed Baghtru's ghost (amateur GrFi)
  2072 | D:3      | Killed Baghtru's ghost
  2072 | D:3      | Reached skill level 5 in Maces & Flails
  2072 | D:3      | Reached XP level 6. HP: 59/65 MP: 6/6
  2087 | D:3      | Reached skill level 5 in Fighting
  2169 | D:3      | Reached *** piety under Trog
  2274 | D:3      | Noticed Jessica
  2315 | D:3      | Killed Jessica
  2315 | D:3      | Reached skill level 1 in Stealth
  2420 | D:3      | Found a glowing golden altar of the Shining One.
  3282 | D:3      | Found a shadowy altar of Dithmenos.
  3471 | D:4      | Reached XP level 7. HP: 72/72 MP: 7/7
  3480 | D:4      | Noticed Baghtru's ghost (amateur DrFE)
  3498 | D:4      | Killed Baghtru's ghost
  3498 | D:4      | Reached **** piety under Trog
  3498 | D:4      | Reached skill level 6 in Maces & Flails
  3502 | D:4      | Found a sparkling altar of Nemelex Xobeh.
  3712 | D:4      | Noticed Eustachio
  3739 | D:4      | Killed Eustachio
  3792 | D:4      | Noticed an angel
  3793 | D:4      | Found a glowing silver altar of Zin.
  3883 | D:5      | Entered Level 5 of the Dungeon
  3959 | D:5      | Reached skill level 7 in Maces & Flails
  3959 | D:5      | Reached XP level 8. HP: 58/83 MP: 8/8
  4015 | D:5      | Found a glowing drain.
  4022 | Sewer    | Entered a sewer
  4611 | D:5      | Reached skill level 8 in Maces & Flails
  5130 | D:5      | Found a runed door.
  5140 | D:5      | Noticed Crazy Yiuf
  5149 | D:5      | Killed Crazy Yiuf
  5581 | D:6      | Noticed Spoonicorn's ghost (novice OgBe)
  5600 | D:6      | Killed Spoonicorn's ghost
  5600 | D:6      | Reached skill level 9 in Maces & Flails
  5600 | D:6      | Reached XP level 9. HP: 36/92 MP: 9/9
  6008 | D:6      | Found a blossoming altar of Fedhas.
  6066 | D:6      | Reached ***** piety under Trog
  6181 | D:6      | Found a hide-covered altar of Uskayaw.
  6310 | D:6      | Reached skill level 10 in Maces & Flails
  6408 | D:6      | Found a shimmering altar of Xom.
  6410 | D:6      | Found a sacrificial altar of Ru.
  6410 | D:6      | Found an iron altar of Okawaru.
  6417 | D:6      | Found a deep blue altar of Sif Muna.
  6417 | D:6      | Found a burning altar of Makhleb.
  6417 | D:6      | Found a stormy altar of Qazlal.
  6638 | D:7      | Reached skill level 5 in Dodging
  6724 | D:7      | Noticed Prince Ribbit
  6891 | D:7      | Found Gozag's Platinum Reserve.
  6928 | D:7      | Killed Prince Ribbit
  7176 | D:7      | Found a staircase to the Ecumenical Temple.
  7237 | D:7      | Found Nuofuupt's Magic Scroll Emporium.
  7245 | D:7      | Bought 2 scrolls of identify for 48 gold pieces
  7245 | D:7      | Bought a scroll of teleportation for 36 gold pieces
  7289 | D:7      | Found an opulent altar of Gozag.
  7368 | D:7      | Reached XP level 10. HP: 104/104 MP: 10/10
  7677 | D:8      | Reached skill level 11 in Maces & Flails
  7808 | D:8      | Slain by an unseen horror

Skill      XL: |  1  2  3  4  5  6  7  8  9 10 |
---------------+-------------------------------+-----
Maces & Flails | 3 4 5 7 9 10 11 | 11.2
Dodging        | 3 4 5 |  5.2
Fighting       | 5 6 8 |  8.1
Stealth        | 1 2 |  2.0
Evocations     | |  0.2

Action                   |  1- 3 |  4- 6 |  7- 9 | 10-12 || total
-------------------------+-------+-------+-------+-------++-------
Melee: Mace              |   109 |   112 |       |       ||   221
       Flail             |       |   127 |   377 |       ||   504
       Giant spiked club |       |       |       |    60 ||    60
Invok: Berserk           |     1 |     2 |     4 |     1 ||     8
Evoke: Wand              |       |     1 |     3 |       ||     4
  Use: Scroll            |       |     2 |     9 |       ||    11
       Potion            |       |     1 |       |     1 ||     2
 Stab: Sleeping          |       |       |     3 |       ||     3
  Eat: Chunk             |     1 |     7 |    16 |     3 ||    27
       Ration            |       |     1 |       |       ||     1
Armor: Animal skin       |    27 |    84 |   123 |    13 ||   247
Dodge: Dodged            |    59 |   158 |   181 |    34 ||   432
